TOP OF THE 1ST |
Louisville Bats batting - Pitching for Lehigh Valley IronPigs : LHP Isaias Felix
|
Pitching: LHP Isaias Felix
|
|
Batting: SHB Paul Sandoval
|
0-0: Ball 1-0: Bunt missed! 1-1: Ball 2-1: Swinging Strike 2-2: Strikes out swinging
|
Batting: LHB Randy Racine
|
0-0: Ball 1-0: Ball 2-0: Called Strike 2-1: Called Strike 2-2: Strikes out looking
|
Batting: LHB Shawn Morrison
|
0-0: Swinging Strike 0-1: Fly out, F8 (Line Drive, 8LD, EV 88.8 MPH)
|
Top of the 1st over - 0 runs, 0 hits, 0 errors, 0 left on base; Louisville 0 - Lehigh Valley 0 |
BOTTOM OF THE 1ST |
Lehigh Valley IronPigs batting - Pitching for Louisville Bats : RHP Tyrese Barnett
|
Pitching: RHP Tyrese Barnett
|
|
Batting: RHB Mitch Boyd
|
0-0: Called Strike 0-1: Called Strike 0-2: Strikes out swinging
|
Batting: RHB Fletcher Easter
|
0-0: Foul Ball, location: 2F 0-1: DOUBLE (Line Drive, 7LM, EV 108.1 MPH)
|
Batting: SHB Lance Franklin
|
0-0: Ball 1-0: SINGLE (Groundball, 34D, EV 108.8 MPH) Fletcher Easter to third Runner from 3rd tries for Home, SAFE, throw by RF to home
|
Batting: RHB Julian Nijhuis
|
0-0: Ball 1-0: Ball 2-0: Ball Wild Pitch! Lance Franklin to second 3-0: Called Strike 3-1: Base on Balls
|
Batting: LHB Michael Tuttle
|
0-0: Ball 1-0: Called Strike 1-1: Ball 2-1: Ball 3-1: Foul Ball, location: 2F 3-2: Base on Balls Lance Franklin to third Julian Nijhuis to second
|
Batting: RHB Chris Pounds
|
0-0: Foul Ball, location: 2F 0-1: Foul Ball, location: 2F 0-2: Ball 1-2: Strikes out swinging
|
Batting: LHB Darrell Ortega
|
0-0: Ball 1-0: Ball 2-0: Called Strike 2-1: Called Strike 2-2: Ball 3-2: Base on Balls Lance Franklin scores Julian Nijhuis to third Michael Tuttle to second
|
Batting: RHB Moritake Fukumoto
|
0-0: Swinging Strike 0-1: Ball 1-1: Foul Ball, location: 2F 1-2: Foul Ball, location: 2F 1-2: Ball 2-2: Ball 3-2: Strikes out swinging
|
Bottom of the 1st over - 2 runs, 2 hits, 0 errors, 3 left on base; Louisville 0 - Lehigh Valley 2 |
TOP OF THE 2ND |
Louisville Bats batting - Pitching for Lehigh Valley IronPigs : LHP Isaias Felix
|
Batting: LHB Chris Grunwald
|
0-0: Ball 1-0: Called Strike 1-1: SINGLE (Line Drive, 6M, EV 95.6 MPH)
|
Batting: SHB Tim Utz
|
0-0: Ball 1-0: Ball 2-0: Called Strike 2-1: Foul Ball, location: 2F 2-2: Ball 3-2: Fly out, F9 (Flyball, 9LD, EV 95.6 MPH)
|
Batting: RHB Tim Wormell
|
0-0: Ball 1-0: Ball 2-0: Ball 3-0: Base on Balls Chris Grunwald to second
|
Batting: RHB Ricky Carbajal
|
0-0: Ball 1-0: Called Strike 1-1: Called Strike 1-2: Fly out, F3 (Popup, 3SF, EV 83.1 MPH)
|
Batting: RHB Gerald de Vries
|
0-0: Ball 1-0: Called Strike 1-1: Ball 2-1: Ball 3-1: Fly out, F9 (Flyball, 9D, EV 91.2 MPH)
|
Top of the 2nd over - 0 runs, 1 hit, 0 errors, 2 left on base; Louisville 0 - Lehigh Valley 2 |
BOTTOM OF THE 2ND |
Lehigh Valley IronPigs batting - Pitching for Louisville Bats : RHP Tyrese Barnett
|
Batting: RHB Dan Grable
|
0-0: Foul Ball, location: 2F 0-1: SINGLE (Line Drive, 89M, EV 95.6 MPH)
|
Batting: RHB Mitch Boyd
|
0-0: Ball 1-0: Called Strike 1-1: Fly out, F4 (Popup, 4, EV 76.9 MPH)
|
Batting: RHB Fletcher Easter
|
0-0: Called Strike 0-1: Ball 1-1: Ball 2-1: Foul Ball, location: 2F 2-2: Foul Ball, location: 2F 2-2: Fly out, F5 (Popup, 56S, EV 82.5 MPH)
|
Batting: SHB Lance Franklin
|
0-0: Called Strike 0-1: Foul Ball, location: 2F 0-2: Fly out, F8 (Flyball, 78M, EV 84.4 MPH)
|
Bottom of the 2nd over - 0 runs, 1 hit, 0 errors, 1 left on base; Louisville 0 - Lehigh Valley 2 |
TOP OF THE 3RD |
Louisville Bats batting - Pitching for Lehigh Valley IronPigs : LHP Isaias Felix
|
Batting: RHB Casey Truax
|
0-0: Ball 1-0: SINGLE (Groundball, 56, EV 98.8 MPH)
|
Batting: SHB Paul Sandoval
|
0-0: Ball 1-0: Ball 2-0: Foul Ball, location: 2F 2-1: Foul Ball, location: 2F 2-2: Strikes out swinging
|
Batting: LHB Randy Racine
|
0-0: Ball 1-0: Ball 2-0: Ball 3-0: Base on Balls Casey Truax to second
|
Batting: LHB Shawn Morrison
|
0-0: Ball 1-0: Swinging Strike 1-1: Swinging Strike 1-2: Strikes out looking
|
Batting: LHB Chris Grunwald
|
0-0: Foul Ball, location: 2F 0-1: Called Strike 0-2: Ball 1-2: Foul Ball, location: 2F 1-2: Strikes out swinging
|
Top of the 3rd over - 0 runs, 1 hit, 0 errors, 2 left on base; Louisville 0 - Lehigh Valley 2 |
BOTTOM OF THE 3RD |
Lehigh Valley IronPigs batting - Pitching for Louisville Bats : RHP Tyrese Barnett
|
Batting: RHB Julian Nijhuis
|
0-0: Swinging Strike 0-1: Ball 1-1: Ball 2-1: Ball 3-1: Base on Balls
|
Batting: LHB Michael Tuttle
|
0-0: Fly out, F8 (Flyball, 8RS, EV 88.8 MPH)
|
Batting: RHB Chris Pounds
|
0-0: Ball 1-0: Foul Ball, location: 2F 1-1: Ball 2-1: Ball 3-1: Base on Balls Julian Nijhuis to second
|
Batting: LHB Darrell Ortega
|
0-0: Ball 1-0: Ball 2-0: Foul Ball, location: 2F 2-1: Reached on error, E6 (Groundball, 6, EV 80.0 MPH) Julian Nijhuis to third Chris Pounds to second
|
Batting: RHB Moritake Fukumoto
|
0-0: Ball 1-0: Foul Ball, location: 2F 1-1: Foul Ball, location: 2F 1-2: Ball 2-2: Fly out, F7 (Line Drive, 7D, EV 96.9 MPH) Runner from 3rd tags up, SCORES, throw by LF
|
Batting: RHB Dan Grable
|
0-0: Called Strike 0-1: Ball 1-1: Ball 2-1: Foul Ball, location: 2F 2-2: Ground out 1-3 (Groundball, 34S, EV 66.9 MPH)
|
Bottom of the 3rd over - 1 run, 0 hits, 1 error, 2 left on base; Louisville 0 - Lehigh Valley 3 |
TOP OF THE 4TH |
Louisville Bats batting - Pitching for Lehigh Valley IronPigs : LHP Isaias Felix
|
Batting: SHB Tim Utz
|
0-0: Reached on error, E9 (Flyball, 89D, EV 100.0 MPH)
|
Batting: RHB Tim Wormell
|
0-0: Ball 1-0: Foul Ball, location: 2F 1-1: Ball 2-1: Fly out, F8 (Flyball, 8RM, EV 86.9 MPH)
|
Batting: RHB Ricky Carbajal
|
0-0: Swinging Strike 0-1: Ground out 5-3 (Groundball, 56S, EV 63.8 MPH) Tim Utz to third
|
Batting: RHB Gerald de Vries
|
0-0: Called Strike 0-1: Ball 1-1: Ground out 1-3 (Groundball, 13S, EV 66.2 MPH)
|
Top of the 4th over - 0 runs, 0 hits, 1 error, 1 left on base; Louisville 0 - Lehigh Valley 3 |
BOTTOM OF THE 4TH |
Lehigh Valley IronPigs batting - Pitching for Louisville Bats : RHP Tyrese Barnett
|
Batting: RHB Mitch Boyd
|
0-0: Called Strike 0-1: Ground out 6-3 (Groundball, 6M, EV 85.6 MPH)
|
Batting: RHB Fletcher Easter
|
0-0: Ball 1-0: Swinging Strike 1-1: Ball 2-1: Ball 3-1: Foul Ball, location: 2F 3-2: Base on Balls
|
Batting: SHB Lance Franklin
|
0-0: Ball 1-0: Ball 2-0: Foul Ball, location: 2F 2-1: Ball 3-1: Grounds into double play, U6-3 (Groundball, 4M, EV 98.8 MPH)
|
Bottom of the 4th over - 0 runs, 0 hits, 0 errors, 0 left on base; Louisville 0 - Lehigh Valley 3 |
TOP OF THE 5TH |
Louisville Bats batting - Pitching for Lehigh Valley IronPigs : LHP Isaias Felix
|
Batting: RHB Casey Truax
|
0-0: Called Strike 0-1: Ball 1-1: Ground out 5-3 (Groundball, 56S, EV 81.9 MPH)
|
Batting: SHB Paul Sandoval
|
0-0: Ball 1-0: Foul Ball, location: 2F 1-1: Swinging Strike 1-2: Foul Ball, location: 2F 1-2: Ground out 6-3 (Groundball, 56, EV 81.2 MPH)
|
Batting: LHB Randy Racine
|
0-0: Ball 1-0: Called Strike 1-1: Foul Ball, location: 2F 1-2: Ball 2-2: SINGLE (Groundball, 34S, EV 61.2 MPH) (infield hit)
|
Batting: LHB Shawn Morrison
|
0-0: Called Strike 0-1: Called Strike 0-2: Strikes out swinging
|
Top of the 5th over - 0 runs, 1 hit, 0 errors, 1 left on base; Louisville 0 - Lehigh Valley 3 |
BOTTOM OF THE 5TH |
Lehigh Valley IronPigs batting - Pitching for Louisville Bats : RHP Tyrese Barnett
|
Batting: RHB Julian Nijhuis
|
0-0: Fly out, F8 (Flyball, 8LS, EV 81.2 MPH)
|
Batting: LHB Michael Tuttle
|
0-0: Ball 1-0: SINGLE (Groundball, 3D, EV 96.2 MPH)
|
Batting: RHB Chris Pounds
|
0-0: Ball 1-0: Ball 2-0: Ball 3-0: Called Strike 3-1: Foul Ball, location: 2F 3-2: Foul Ball, location: 2F 3-2: Foul Ball, location: 2F 3-2: Base on Balls Michael Tuttle to second
|
Batting: LHB Darrell Ortega
|
0-0: Ball 1-0: Foul Ball, location: 2F 1-1: Called Strike 1-2: Ball 2-2: Foul Ball, location: 2F 2-2: Grounds into double play, 6-4-3 (Groundball, 6M, EV 112.5 MPH)
|
Bottom of the 5th over - 0 runs, 1 hit, 0 errors, 1 left on base; Louisville 0 - Lehigh Valley 3 |
TOP OF THE 6TH |
Louisville Bats batting - Pitching for Lehigh Valley IronPigs : LHP Isaias Felix
|
Batting: LHB Chris Grunwald
|
0-0: Swinging Strike 0-1: Swinging Strike 0-2: Ball 1-2: Strikes out looking
|
Batting: SHB Tim Utz
|
0-0: Ball 1-0: Fly out, F9 (Flyball, 89S, EV 76.9 MPH)
|
Batting: RHB Tim Wormell
|
0-0: Called Strike 0-1: Ball 1-1: Ground out 5-3 (Groundball, 56S, EV 68.1 MPH)
|
Top of the 6th over - 0 runs, 0 hits, 0 errors, 0 left on base; Louisville 0 - Lehigh Valley 3 |
BOTTOM OF THE 6TH |
Lehigh Valley IronPigs batting - Pitching for Louisville Bats : RHP Tyrese Barnett
|
Pitching: LHP Matt Estock
|
|
Batting: RHB Moritake Fukumoto
|
0-0: Called Strike 0-1: Ball 1-1: Ground out 5-3 (Groundball, 5S, EV 68.1 MPH)
|
Batting: RHB Dan Grable
|
0-0: Ball 1-0: Ball 2-0: Ball 3-0: Foul Ball, location: 2F 3-1: Called Strike 3-2: Fly out, F9 (Flyball, 9LM, EV 86.9 MPH)
|
Batting: RHB Mitch Boyd
|
0-0: Called Strike 0-1: Foul Ball, location: 2F 0-2: Ball 1-2: Strikes out swinging
|
Bottom of the 6th over - 0 runs, 0 hits, 0 errors, 0 left on base; Louisville 0 - Lehigh Valley 3 |
TOP OF THE 7TH |
Louisville Bats batting - Pitching for Lehigh Valley IronPigs : LHP Isaias Felix
|
Batting: RHB Ricky Carbajal
|
0-0: Ground out 5-3 (Groundball, 56S, EV 68.8 MPH)
|
Batting: RHB Gerald de Vries
|
0-0: Called Strike 0-1: Ball 1-1: Fly out, F8 (Line Drive, 8RM, EV 86.9 MPH)
|
Batting: RHB Casey Truax
|
0-0: Called Strike 0-1: Ball 1-1: Swinging Strike 1-2: Foul Ball, location: 2F 1-2: Strikes out swinging
|
Top of the 7th over - 0 runs, 0 hits, 0 errors, 0 left on base; Louisville 0 - Lehigh Valley 3 |
BOTTOM OF THE 7TH |
Lehigh Valley IronPigs batting - Pitching for Louisville Bats : LHP Matt Estock
|
Pitching: RHP Jose Marrero
|
|
Batting: RHB Fletcher Easter
|
0-0: Ball 1-0: Ball 2-0: Ball 3-0: Base on Balls
|
Batting: SHB Lance Franklin
|
0-0: SINGLE (Line Drive, 56D, EV 101.2 MPH) Fletcher Easter to second
|
Batting: RHB Julian Nijhuis
|
0-0: Ball 1-0: Called Strike 1-1: Fielders Choice at 2nd, 5-4 (Groundball, 56S, EV 90.0 MPH) Fletcher Easter to third
|
Batting: LHB Michael Tuttle
|
0-0: Called Strike 0-1: Called Strike 0-2: Strikes out swinging
|
Batting: RHB Chris Pounds
|
0-0: Ball 1-0: Swinging Strike 1-1: Foul Ball, location: 2F 1-2: Strikes out swinging
|
Bottom of the 7th over - 0 runs, 1 hit, 0 errors, 2 left on base; Louisville 0 - Lehigh Valley 3 |
TOP OF THE 8TH |
Louisville Bats batting - Pitching for Lehigh Valley IronPigs : LHP Isaias Felix
|
Pitching: RHP Mike Kamm
|
|
Batting: SHB Paul Sandoval
|
0-0: Foul Ball, location: 2F 0-1: Foul Ball, location: 2F 0-2: Ground out 5-3 (Groundball, 6S, EV 71.2 MPH)
|
Batting: LHB Randy Racine
|
0-0: Foul Ball, location: 2F 0-1: Foul Ball, location: 2F 0-2: Ground out 4-3 (Groundball, 4M, EV 85.6 MPH)
|
Batting: LHB Shawn Morrison
|
0-0: Foul Ball, location: 7LSF, Error on foul ball, E7 0-1: Ball 1-1: Ball 2-1: Ball 3-1: Foul Ball, location: 2F 3-2: Foul Ball, location: 2F 3-2: Base on Balls
|
Batting: LHB Chris Grunwald
|
0-0: Ball 1-0: Ball 2-0: Ball 3-0: Called Strike 3-1: Foul Ball, location: 2F 3-2: Foul Ball, location: 2F 3-2: Strikes out swinging
|
Top of the 8th over - 0 runs, 0 hits, 1 error, 1 left on base; Louisville 0 - Lehigh Valley 3 |
BOTTOM OF THE 8TH |
Lehigh Valley IronPigs batting - Pitching for Louisville Bats : RHP Jose Marrero
|
Pitching: RHP Mikihiro Kawai
|
|
Batting: LHB Darrell Ortega
|
0-0: Called Strike 0-1: Called Strike 0-2: Fly out, F9 (Flyball, 9LS, EV 91.9 MPH)
|
Batting: RHB Moritake Fukumoto
|
0-0: Ball 1-0: Swinging Strike 1-1: Ground out 4-3 (Groundball, 4D, EV 103.8 MPH)
|
Batting: RHB Dan Grable
|
0-0: Swinging Strike 0-1: Foul Ball, location: 2F 0-2: Ball 1-2: Ball 2-2: Ball 3-2: Foul Ball, location: 2F 3-2: Strikes out swinging
|
Bottom of the 8th over - 0 runs, 0 hits, 0 errors, 0 left on base; Louisville 0 - Lehigh Valley 3 |
TOP OF THE 9TH |
Louisville Bats batting - Pitching for Lehigh Valley IronPigs : RHP Mike Kamm
|
Pitching: RHP Jamie Verberkmoes
|
|
Batting: SHB Tim Utz
|
0-0: Foul Ball, location: 2F 0-1: Foul Ball, location: 2F 0-2: Foul Ball, location: 2F 0-2: Ball 1-2: Ball 2-2: Foul Ball, location: 2F 2-2: Ball 3-2: Foul Ball, location: 2F 3-2: Strikes out swinging
|
Batting: RHB Tim Wormell
|
0-0: Ball 1-0: Foul Ball, location: 2F 1-1: Reached on error, E1 (Groundball, 15S, EV 66.9 MPH)
|
Batting: RHB Ricky Carbajal
|
0-0: Foul Ball, location: 2F 0-1: Ball 1-1: Ball 2-1: Ground out 6-3 (Groundball, 6, EV 83.8 MPH) Tim Wormell to third
|
Pinch Hitting: SHB Freddie Farrar
|
0-0: Ball 1-0: Hit by Pitch
|
Batting: RHB Casey Truax
|
0-0: Ball 1-0: Called Strike 1-1: Foul Ball, location: 2F 1-2: Ball 2-2: Strikes out looking
|
Top of the 9th over - 0 runs, 0 hits, 1 error, 2 left on base; Louisville 0 - Lehigh Valley 3 |
|